 Dungeon Crawl Stone Soup version 0.30.1-4-g462c640d31 (webtiles) character file.

Game seed: 9396910974312974103

7434 nonceun the Cleaver (level 10, -1/145 HPs)
             Began as a Minotaur Berserker on Aug 29, 2023.
             Was an Elder of Trog.
             Slain by a vampire (4 damage)
             ... on level 9 of the Dungeon.
             The game lasted 00:35:43 (8980 turns).

nonceun the Cleaver (Minotaur Berserker)            Turns: 8980, Time: 00:35:44

Health: -1/145     AC: 29    Str: 23    XL:     10   Next: 93%
Magic:  9/9        EV:  6    Int:  6    God:    Trog [****..]
Gold:   756        SH:  0    Dex: 11    Spells: 9/9 levels left

rFire   . . .        a - +0 war axe
rCold   . . .        (no shield)
rNeg    . . .        G - +0 crystal plate armour
rPois   .            (helmet restricted)
rElec   .            m - +2 cloak
rCorr   .            (no gloves)
SInv    .            p - +1 pair of boots
Will    ++...        (no amulet) Stlth
                     z - +4 ring of protection
HPRegen 1.44/turn    (no ring)
MPRegen 0.11/turn

%: no passive effects
@: berserking, strong-willed, regenerating, studying Fighting, very quick
A: horns 2, retaliatory headbutt
a: Renounce Religion, Berserk, Trog's Hand, Brothers in Arms


You were on level 9 of the Dungeon.
You worshipped Trog.
Trog was greatly pleased with you.
You visited 1 branch of the dungeon, and saw 9 of its levels.
You also visited: Bailey.

You collected 756 gold pieces.

Inventory:

Hand Weapons
 a - a +0 war axe (weapon)
 h - a +6 dagger of holy wrath
 r - a +0 hand axe of electrocution
 y - a +4 trident
Armour
 m - a +2 cloak (worn)
 p - a +1 pair of boots (worn)
 t - a +4 scale mail
 w - a +0 plate armour
 G - a +0 crystal plate armour (worn)
 J - a +0 tower shield
Jewellery
 s - a ring of flight
 z - a +4 ring of protection (left hand)
Wands
 e - a wand of iceblast (4)
 u - a wand of digging (3)
Scrolls
 b - 2 scrolls of blinking
 k - 3 scrolls of teleportation
 n - a scroll of amnesia
 q - 6 scrolls of identify {unknown}
 A - a scroll of immolation
 E - 4 scrolls of enchant weapon
 F - 4 scrolls of enchant armour
 H - a scroll of brand weapon
 I - 2 scrolls of vulnerability {unknown}
Potions
 c - a potion of might {unknown}
 d - 2 potions of flight {unknown}
 f - 3 potions of heal wounds {unknown}
 g - 4 potions of curing {unknown}
 i - 4 potions of attraction {unknown}
 j - 2 potions of ambrosia {unknown}
 l - a potion of degeneration {unknown}
 o - 2 potions of lignification {unknown}
 v - 2 potions of experience {unknown}
 x - 2 potions of mutation {unknown}
 B - 6 potions of haste {unknown}
 C - a potion of resistance {unknown}
 D - a potion of invisibility {unknown}


   Skills:
 - Level 12.0 Fighting
 + Level 13.8 Axes
 + Level 8.9 Armour
 * Level 5.9 Dodging
 * Level 1.7 Shields


You had 9 spell levels left.
You didn't know any spells.
Your spell library contained the following spells:

 Spells                   Type           Power      Damage    Failure   Level
 Freeze                   Ice            0%         1d3       100%        1
 Blink                    Tloc           0%         N/A       100%        2
 Cigotuvi's Dreadful Rot  Necr/Pois/Air  0%         N/A       100%        2
 Lesser Beckoning         Tloc           0%         N/A       100%        2
 Momentum Strike          Conj/Tloc      0%         3d8       100%        2
 Frozen Ramparts          Ice            0%         1d1       100%        3
 Gell's Gravitas          Tloc           0%         N/A       100%        3
 Hailstorm                Conj/Ice       0%         3d3       100%        3
 Ignite Poison            Fire/Tmut/Pois 0%         N/A       100%        3
 Teleport Other           Tloc           0%         N/A       100%        3
 Freezing Cloud           Conj/Ice/Air   0%         6-21      100%        5


Dungeon Overview and Level Annotations

Branches:
Dungeon (9/15)             Temple (0/1) D:5          Bailey (visited)
   Lair: D:8-11         Orc: D:9-12

Altars:
Ashenzari
Cheibriados
Elyvilon
Fedhas
Gozag
Makhleb
Okawaru
Ru
Sif Muna
Uskayaw
Xom
Yredelemnul
Zin

Shops:
D:1 [


Innate Abilities, Weirdness & Mutations

You have a pair of horns on your head.
You reflexively headbutt those who attack you in melee.


Message History

You hear an angry buzzing noise. x2; You hear a shout!
You slash something! Your headbutt misses something.
Something hits you but does no damage. Something bites you but does no damage.
You miss something. Something hits you but does no damage. Something bites you.
Something draws strength from your injuries!
You hit something but do no damage. Your headbutt misses something.
You hit something but do no damage. Your headbutt misses something.
Something hits you. Something bites you but does no damage.
You hit something. Your headbutt misses something.
Something draws life force from you!
You hit something but do no damage. You headbutt something!
Something hits you but does no damage. Something bites you but does no damage.
You closely miss something.
The howler monkey hoots and howls with incredible vigour!
Something hits you but does no damage. Something bites you but does no damage.
You hear an angry buzzing noise. x5; You hear a shout! x2
You closely miss something. You slash something!
Something hits you but does no damage. Something bites you but does no damage.
You barely miss something. Something hits you but does no damage.
Something bites you!
Something draws strength from your injuries!
You slash something! Your headbutt misses something.
Something draws life force from you!
* * * LOW HITPOINT WARNING * * *
You slash something! Something draws life force from you!!
* * * LOW HITPOINT WARNING * * *
Unknown command.
A red film seems to cover your vision as you go berserk!
You feel yourself moving faster!
You feel mighty! Something hits you but does no damage.
Something bites you but does no damage.
You hit something.
The howler monkey hoots and howls with incredible vigour!
You hear an angry buzzing noise. x2; You hear a shout!
You hear an angry buzzing noise.
You barely miss something. Something draws life force from you!
* * * LOW HITPOINT WARNING * * *
You slash something! You miss something. Your punch misses something.
Something hits you.
You die...

.........##.......#
.........##.......
.........##......#
.........##......#
..................
.##...###...##... .
#.#. #.#.# ... #...
#†h{###.....
.###.V)###@...#
#.#. #)#..# #. .#
#.. .# .. .# .### #
.. .# . # .# .. ##
##


You could see a howler monkey (catching breath).

Vanquished Creatures
  Pikel (D:5)
  An orc knight (Bailey)
  Maurice (D:8)
  Prince Ribbit (D:6)
  Grinder (D:5)
  Sigmund (D:2)
  2 wyverns
  6 yaks
  Grum (D:8)
  2 steam dragons (D:8)
  2 black bears
  10 orc warriors
  2 sky beasts (D:7)
  2 ogres
  2 ice beasts
  2 wolves (D:8)
  3 centaurs
  3 lemures (D:5)
  A phantom (D:6)
  Blork the orc (D:5)
  A kobold brigand (D:8)
  4 bullfrogs
  2 scorpions
  5 wights (D:7)
  7 killer bees
  4 electric eels
  3 hounds
  2 jellies
  Crazy Yiuf (D:5)
  3 orc priests
  4 iguanas
  A sleepcap (D:6)
  8 orc wizards
  A mummy (D:7)
  Robin (D:3)
  6 adders
  3 white imps
  An ufetubus (D:6)
  A worm (D:2)
  A dart slug (D:1)
  34 orcs
  7 bats
  6 endoplasms
  5 giant cockroaches
  18 goblins
  4 hobgoblins (D:3)
  3 jackals (D:1)
  5 quokkas
  6 ball pythons
  9 frilled lizards
  6 kobolds
  6 rats
  A spectral orc (D:5)
  A butterfly (D:7)
215 creatures vanquished.

Vanquished Creatures (others)
  An orc wizard (D:8)
  A goblin (D:8)
2 creatures vanquished.

Grand Total: 217 creatures vanquished

Notes
Turn   | Place    | Note
-------+----------+-------------------------------------------
     0 | D:1      | nonceun the Minotaur Berserker began the quest for the Orb.
     0 | D:1      | Reached XP level 1. HP: 19/19 MP: 0/0
    51 | D:1      | Reached skill level 4 in Axes
    89 | D:1      | You fall into a shaft and drop 1 floor!
   117 | D:2      | Reached XP level 2. HP: 22/26 MP: 1/1
   196 | D:2      | Reached skill level 5 in Axes
   222 | D:1      | Reached XP level 3. HP: 31/31 MP: 2/2
   334 | D:1      | Found Wiong's Antique Armour Shop.
   341 | D:1      | Reached ** piety under Trog
   675 | D:2      | Noticed Sigmund
   695 | D:2      | Killed Sigmund
   696 | D:2      | Reached skill level 7 in Axes
   696 | D:2      | Reached XP level 4. HP: 40/40 MP: 3/3
   696 | D:2      | Reached XP level 5. HP: 46/46 MP: 4/4
  1362 | D:3      | Found a burning altar of Makhleb.
  1362 | D:3      | Noticed an Executioner
  1367 | D:3      | Noticed an orange demon
  1367 | D:3      | Noticed a hellwing
  1416 | D:3      | Found a sacrificial altar of Ru.
  1594 | D:3      | Found a shimmering altar of Xom.
  1770 | D:3      | Reached XP level 6. HP: 52/52 MP: 5/5
  1997 | D:3      | Found a blossoming altar of Fedhas.
  2042 | D:3      | Found a broken altar of Ashenzari.
  2110 | D:3      | Noticed Robin
  2126 | D:3      | Killed Robin
  2127 | D:3      | Reached skill level 8 in Axes
  3196 | D:4      | Found an iron altar of Okawaru.
  3211 | D:4      | Found a white marble altar of Elyvilon.
  3272 | D:4      | Reached skill level 9 in Axes
  3467 | D:5      | Entered Level 5 of the Dungeon
  3669 | D:5      | Reached XP level 7. HP: 28/60 MP: 6/6
  3761 | D:5      | Found a staircase to the Ecumenical Temple.
  3855 | D:5      | Noticed Pikel
  4030 | D:5      | Reached skill level 5 in Fighting
  4086 | D:5      | Reached skill level 10 in Axes
  4434 | D:5      | Noticed Blork the orc
  4478 | D:5      | Killed Pikel
  4479 | D:5      | Reached XP level 8. HP: 29/73 MP: 7/7
  4484 | D:5      | Killed Blork the orc
  4652 | D:5      | Noticed Grinder
  4662 | D:5      | Paralysed by Grinder for 4 turns
  4688 | D:5      | Killed Grinder
  4689 | D:5      | Reached skill level 5 in Armour
  4810 | D:5      | Found a basalt altar of Yredelemnul.
  4919 | D:5      | Found a runed translucent door.
  4920 | D:5      | Noticed Crazy Yiuf
  4928 | D:5      | Killed Crazy Yiuf
  5231 | D:6      | Found an opulent altar of Gozag.
  5526 | D:6      | Noticed Prince Ribbit
  5542 | D:6      | Killed Prince Ribbit
  5543 | D:6      | Reached skill level 11 in Axes
  5543 | D:6      | Reached XP level 9. HP: 62/82 MP: 8/8
  6182 | D:6      | Found a glowing silver altar of Zin.
  6795 | D:7      | Found a hide-covered altar of Uskayaw.
  6922 | D:7      | Reached *** piety under Trog
  7034 | D:7      | Found a snail-covered altar of Cheibriados.
  7112 | D:7      | Reached skill level 10 in Fighting
  7112 | D:7      | Reached skill level 12 in Axes
  7143 | D:8      | Reached skill level 5 in Dodging
  7226 | D:8      | Reached XP level 10. HP: 41/93 MP: 9/9
  7228 | D:8      | Identified the +0 leather armour of the Summoning Gods
                  | {Int+5 Dex+2}
  7235 | D:8      | Identified a scroll of acquirement
  7235 | D:8      | Acquired a manual of Fighting
  7246 | D:8      | Noticed Maurice
  7291 | D:8      | Found a flagged portal.
  7333 | D:8      | Killed Maurice
  7342 | Bailey   | Entered a bailey
  7600 | Bailey   | Noticed an orc knight
  7737 | Bailey   | Killed an orc knight
  7738 | Bailey   | Reached skill level 13 in Axes
  8240 | D:8      | Reached **** piety under Trog
  8748 | D:8      | Found a shimmering blue altar of Sif Muna.
  8841 | D:8      | Noticed Grum
  8848 | D:8      | Reached skill level 1 in Shields
  8856 | D:8      | Killed Grum
  8975 | D:9      | HP: 3/97 [something (20)]
  8978 | D:9      | HP: 1/145 [something (7)]
  8980 | D:9      | Slain by a vampire

Illustrated notes

Levels and vault maps discovered:
D:1:      minmay_arrival_diagonal_passages, layout_basic, serial_shops,
          shop_coins
D:2:      layout_basic, hex_tiny, minmay_lizard_pond, uniq_sigmund
D:3:      layout_loops_corners, nicolae_overflow_hidden_temple,
          makhleb_altar_promises_db, fedhas_altar_2,
          nicolae_ashenzari_panopticon, nicolae_ru_great_annihilating_truth,
          uniq_robin
D:4:      layout_basic, elyvilon_altar_1, mainiacjoe_overflow_brackets,
          skrybe_limestone_x
D:5:      layout_loops_cross, yredelemnul_forgotten_temple_becter,
          minmay_temple_entry_butterflies, minmay_holes, minivault_24,
          uniq_pikel, uniq_crazy_yiuf_cottage, uniq_grinder, uniq_blork_the_orc
D:6:      layout_gridville, zin_scriptorium, grunt_gozag_statues, minivault_14,
          uniq_prince_ribbit1
D:7:      layout_cave_pools, kennysheep_little_box, slow_altar_1,
          hangedman_abyss_or_decor_stagger
D:8:      layout_loops_ring, lemuel_blue_sif_altar, enter_bailey_3,
          minmay_crystal_water, uniq_grum, uniq_maurice
D:9:      layout_rooms, wad_floor_pattern_1, minmay_starry_boxes

Skill      XL: |  1  2  3  4  5  6  7  8  9 10 |
---------------+-------------------------------+-----
Axes           | 4 5 7 9 10 11 12 13 | 13.8
Fighting       | 4 7 8 10 12 | 12.0
Armour         | 4 5 7 8 |  8.9
Dodging        | 5 |  5.9
Shields        | 1 |  1.7

Action                     |  1- 3 |  4- 6 |  7- 9 | 10-12 || total
---------------------------+-------+-------+-------+-------++-------
  Melee: Hand axe          |    63 |   104 |   323 |    29 ||   519
         Headbutt          |    10 |    15 |    66 |    44 ||   135
         Punch             |     1 |     1 |     6 |     3 ||    11
         War axe           |       |       |       |   197 ||   197
 Invoke: Trog's Hand       |     1 |     2 |     7 |     4 ||    14
         Berserk           |     1 |       |     2 |     1 ||     4
  Evoke: Wand              |       |       |     1 |       ||     1
    Use: Scroll            |       |       |     6 |     4 ||    10
   Stab: Paralysed         |       |     1 |       |       ||     1
 Armour: Animal skin       |     2 |       |       |       ||     2
         Ring mail         |    10 |    24 |     4 |       ||    38
         Scale mail        |       |       |   107 |    19 ||   126
         Crystal plate arm |       |       |       |   101 ||   101
         Plate armour      |       |       |       |     6 ||     6
  Dodge: Dodged            |    25 |    46 |   135 |    82 ||   288
